 Dungeon Crawl Stone Soup version 0.28-a0-1130-gc51a68064b (webtiles) character file.

Game seed: 13260876106465953354

1257 septik the Cleaver (level 8, -3/64 HPs)
             Began as a Minotaur Berserker on Dec 12, 2021.
             Was a Believer of Trog.
             Slain by a gnoll (6 damage)
             ... on level 6 of the Dungeon.
             The game lasted 00:09:22 (5023 turns).

septik the Cleaver (Minotaur Berserker)             Turns: 5023, Time: 00:09:23

Health: -3/64      AC:  7    Str: 23    XL:     8   Next: 26%
Magic:  7/7        EV: 10    Int:  4    God:    Trog [**....]
Gold:   202        SH:  0    Dex: 11    Spells: 7/7 levels left

rFire   . . .      SeeInvis .   a - +0 hand axe
rCold   . . .      Faith    .   (no shield)
rNeg    . . .      Spirit   .   l - +0 scale mail
rPois   .          Reflect  .   (helmet restricted)
rElec   .          Harm     .   (no cloak)
rCorr   .          Rampage  .   (no gloves)
Will    .....                   w - +0 pair of boots
Stlth   ..........              (no amulet)
HPRegen 0.20/turn               (no ring)
MPRegen 0.10/turn               (no ring)

@: brilliant, on berserk cooldown, slowed, very slow
A: horns 2, retaliatory headbutt
a: Renounce Religion, Berserk, Trog's Hand


You were on level 6 of the Dungeon.
You worshipped Trog.
Trog was pleased with you.
You visited 1 branch of the dungeon, and saw 6 of its levels.

You collected 233 gold pieces.
You spent 31 gold pieces at shops.

Inventory:

Hand Weapons
 a - a +0 hand axe (weapon)
 q - a +0 hunting sling
Missiles
 e - 164 stones (quivered)
Armour
 b - a +0 animal skin
 c - a +0 ring mail
 f - a +0 plate armour
 l - a +0 scale mail (worn)
 o - a +2 kite shield
 t - a +0 plate armour
 w - a +0 pair of boots (worn)
Jewellery
 i - an amulet of faith
 r - an amulet of guardian spirit
Scrolls
 d - 2 scrolls of vulnerability {unknown}
 n - 2 scrolls of teleportation {unknown}
 p - a scroll of identify {unknown}
 s - a scroll of enchant weapon {unknown}
 u - a scroll of brand weapon {unknown}
 v - a scroll of torment {unknown}
Potions
 g - a potion of brilliance
 h - 2 potions of ambrosia {unknown}
 j - 2 potions of curing {unknown}
 k - a potion of might {unknown}
 m - 2 potions of mutation {unknown}
 x - a potion of flight {unknown}


   Skills:
 - Level 3.6 Fighting
 + Level 12.4 Axes
 - Level 2.4 Armour
 - Level 2.1 Dodging


You had 7 spell levels left.
You didn't know any spells.
Your spell library was empty.

Dungeon Overview and Level Annotations

Branches:
Dungeon (6/15)             Temple (0/1) D:6

Altars:
Cheibriados
Elyvilon
Fedhas
Makhleb
Yredelemnul

Shops:
D:4 (


Innate Abilities, Weirdness & Mutations

You have a pair of horns on your head.
You reflexively headbutt those who attack you in melee.


Message History

Unknown command.
The centaur hits you but does no damage.
The centaur barely misses you. The gnoll hits you with a +0 flail.
* * * LOW HITPOINT WARNING * * *
A gnoll comes into view. It is wielding a +0 whip.
The centaur completely misses you.
The centaur kicks you but does no damage.
The gnoll hits you with a +0 flail.
* * * LOW HITPOINT WARNING * * *
You hit the centaur.
The centaur is moderately wounded.
You hit the gnoll. The centaur hits you.
* * * LOW HITPOINT WARNING * * *
The centaur kicks you but does no damage.
The centaur hits you.
* * * LOW HITPOINT WARNING * * *
The centaur kicks you.
* * * LOW HITPOINT WARNING * * *
The gnoll barely misses you. You furiously retaliate!
You headbutt the gnoll, but do no damage.
You hit the centaur but do no damage.
The centaur is moderately wounded.
You barely miss the gnoll.
The centaur hits you but does no damage.
The centaur kicks you but does no damage.
The gnoll hits you with a +0 flail.
* * * LOW HITPOINT WARNING * * *
You hit the centaur.
The centaur is heavily wounded.
You slash the gnoll! The centaur hits you.
* * * LOW HITPOINT WARNING * * *
The centaur barely misses you. The centaur completely misses you.
The centaur kicks you but does no damage.
The gnoll closely misses you.
It was a potion of brilliance.
You feel clever all of a sudden.
The centaur hits you but does no damage.
The centaur kicks you but does no damage.
The gnoll hits you with a +0 flail.
You die...

#.........'.>....# ##
###########......##.##
##...###... #...##..#
#...#...# #....)#.#
#######.)....#
#!...c..))#...#
#....@g.)).#.....#
#.......#####.>.##
#....g..?.. ....#
#.........#.. #...
#........... #..
#...........# #.
..........$..
####..........


You could see a centaur and 2 gnolls.

Vanquished Creatures
  Sigmund (D:2)
  Menkaure (D:5)
  A black bear (D:5)
  An ice beast (D:5)
  A sky beast (D:5)
  A phantom (D:4)
  A water moccasin zombie (D:5)
  A water moccasin skeleton (D:4)
  A howler monkey (D:4)
  A jelly (D:5)
  An orc priest (D:6)
  2 hounds
  A bullfrog skeleton (D:5)
  An iguana (D:4)
  3 orc wizards
  A hound skeleton (D:5)
  Robin (D:4)
  A howler monkey zombie (D:5)
  8 adders
  An ufetubus (D:5)
  4 worms
  2 dart slugs
  17 orcs
  8 ball pythons
  2 bats (D:1)
  7 endoplasms
  4 giant cockroaches
  11 goblins
  14 hobgoblins
  2 quokkas
  4 frilled lizards
  5 kobolds
  2 rats
112 creatures vanquished.

Notes
Turn   | Place    | Note
-------+----------+-------------------------------------------
     0 | D:1      | septik the Minotaur Berserker began the quest for the Orb.
     0 | D:1      | Reached XP level 1. HP: 19/19 MP: 0/0
   159 | D:1      | Reached skill level 4 in Axes
   230 | D:1      | Reached XP level 2. HP: 19/26 MP: 1/1
   795 | D:1      | Reached skill level 5 in Axes
   889 | D:1      | Reached XP level 3. HP: 29/31 MP: 2/2
  1430 | D:2      | Found a snail-covered altar of Cheibriados.
  1572 | D:2      | Noticed Sigmund
  1578 | D:2      | Killed Sigmund
  1579 | D:2      | Reached skill level 7 in Axes
  1579 | D:2      | Reached XP level 4. HP: 39/39 MP: 3/3
  1579 | D:2      | Reached XP level 5. HP: 45/45 MP: 4/4
  1930 | D:2      | Reached ** piety under Trog
  2011 | D:3      | Reached skill level 8 in Axes
  2154 | D:3      | Reached XP level 6. HP: 48/51 MP: 5/5
  2293 | D:3      | Found a burning altar of Makhleb.
  2550 | D:4      | Found Giq Jaon's Weapon Boutique.
  2556 | D:4      | Bought a +0 hunting sling for 15 gold pieces
  2556 | D:4      | Bought 16 stones for 16 gold pieces
  2599 | D:4      | Noticed Robin
  2607 | D:4      | Killed Robin
  2773 | D:4      | Reached skill level 9 in Axes
  2977 | D:4      | Found a blossoming altar of Fedhas.
  2987 | D:4      | Reached *** piety under Trog
  3276 | D:4      | Reached XP level 7. HP: 35/57 MP: 6/6
  3925 | D:5      | Entered Level 5 of the Dungeon
  3959 | D:5      | Noticed Menkaure
  3967 | D:5      | Killed Menkaure
  3968 | D:5      | Reached skill level 10 in Axes
  4289 | D:5      | Reached skill level 11 in Axes
  4400 | D:5      | Reached XP level 8. HP: 64/64 MP: 7/7
  4653 | D:5      | Found a basalt altar of Yredelemnul.
  4716 | D:5      | Reached skill level 12 in Axes
  4770 | D:5      | Found a white marble altar of Elyvilon.
  4998 | D:6      | Found a staircase to the Ecumenical Temple.
  5021 | D:6      | HP: 3/64 [gnoll (1)]
  5023 | D:6      | Slain by a gnoll

Illustrated notes

Levels and vault maps discovered:
D:1:      dpeg_arrival_lava_temple_mockup, layout_basic,
          minmay_misc_feat_diagonals
D:2:      layout_rooms, basic_altar, uniq_sigmund
D:3:      layout_rooms, old_standard_altar
D:4:      layout_rooms, mainiacjoe_overflow_six_doors_small, serial_shops, shop,
          lemuel_flame_loot_1, uniq_robin
D:5:      layout_rooms, kennysheep_ying_yang,
          minmay_a_box_with_orc_wizards_in_it, uniq_menkaure
D:6:      layout_basic, nicolae_ru_awakened_eye, minmay_temple_entry_arrows

Skill      XL: |  1  2  3  4  5  6  7  8 |
---------------+-------------------------+-----
Axes           | 4 5 7 8 9 11 12 | 12.4
Fighting       | |  3.6
Armour         | |  2.4
Dodging        | |  2.1

Action                   |  1- 3 |  4- 6 |  7- 9 || total
-------------------------+-------+-------+-------++-------
Melee: Hand axe          |    74 |   124 |    75 ||   273
       Headbutt          |    12 |    20 |    20 ||    52
Invok: Berserk           |     1 |     1 |     5 ||     7
       Trog's Hand       |       |       |     2 ||     2
  Use: Potion            |       |       |     1 ||     1
Armor: Animal skin       |    13 |       |       ||    13
       Ring mail         |     2 |     1 |       ||     3
       Scale mail        |       |    25 |    31 ||    56
Dodge: Dodged            |    43 |    56 |    33 ||   132

Table legend: (Time is in decaauts)
 A = Elapsed time spent in this place.
 B = Non-inter-level travel time spent in this place.
 C = Inter-level travel time spent in this place.
 D = Time resting spent in this place.
 E = Time spent auto-exploring this place.
 F = Levels seen in this place.
 G = Mean time per level.
                   A        B        C        D        E       F      G
               +--------+--------+--------+--------+--------+-----+--------+
         Total |   5052 |   4873 |    179 |    814 |   3264 |   6 |  842.0 |
       Dungeon |   5052 |   4873 |    179 |    814 |   3264 |   6 |  842.0 |
               +--------+--------+--------+--------+--------+-----+--------+

Top non-repeatable levels by time:
     D:1: 1382 daAuts
     D:4: 1374 daAuts
     D:5: 1035 daAuts
     D:2: 637 daAuts
     D:3: 538 daAuts
     D:6: 83 daAuts
